 Dungeon Crawl Stone Soup version 0.28-a0-932-g843f935a50 (webtiles) character file.

Game seed: 17718438735450654947

14 browni3141 the Conjurer (level 2, 0/20 HPs)
             Began as a Demigod Conjurer on Nov 28, 2021.
             Succumbed to a goblin's poison
             ... on level 1 of the Dungeon.
             The game lasted 00:02:41 (743 turns).

browni3141 the Conjurer (Demigod Conjurer)           Turns: 743, Time: 00:02:42

Health: 0/20       AC:  3    Str:  8    XL:     2   Next: 18%
Magic:  7/7        EV: 12    Int: 20    God:
Gold:   18         SH:  0    Dex: 12    Spells: 1/4 levels left

rFire   . . .      SeeInvis .   c - +1 mace
rCold   . . .      Faith    .   (no shield)
rNeg    . . .      Spirit   .   a - +0 robe
rPois   .          Reflect  .   (no helmet)
rElec   .          Harm     .   (no cloak)
rCorr   .          Rampage  .   (no gloves)
Will    .....                   i - +0 pair of boots
Stlth   ++........              (no amulet)
HPRegen 0.06/turn               (no ring)
MPRegen 0.10/turn               (no ring)

@: lethally poisoned (0 -> -2)
A: high mp 1, forlorn
a: no special abilities


You were on level 1 of the Dungeon.
You visited 1 branch of the dungeon, and saw 1 of its levels.

You collected 18 gold pieces.

Inventory:

Hand Weapons
 b - a +0 dagger
 c - a +1 mace (weapon)
 g - a +3 hunting sling
Armour
 a - a +0 robe (worn)
 f - a +0 kite shield
 i - a +0 pair of boots (worn)
Jewellery
 e - a ring of poison resistance
Scrolls
 d - a scroll of identify
 h - a scroll of fog


   Skills:
 * Level 0.2 Fighting
 - Level 1.7 Dodging
 - Level 1.7 Stealth
 * Level 1.8 Spellcasting
 * Level 4.1 Conjurations


You had one spell level left.
You knew the following spells:

 Your Spells              Type           Power      Damage    Failure   Level
a - Magic Dart            Conj           72%        1d6       3%          1
b - Searing Ray           Conj           36%        2d5       4%          2

Your spell library contained the following spells:

 Spells                   Type           Power      Damage    Failure   Level
 Dazzling Flash           Conj/Hex       20%        N/A       21%         3
 Fulminant Prism          Conj/Hex       5%         3d7       56%         4
 Iskenderun's Mystic Bla  Conj/Tloc      10%        2d4       56%         4


Dungeon Overview and Level Annotations

Branches:
Dungeon (1/15)


Innate Abilities, Weirdness & Mutations

Your attributes grow dramatically as you level up.
You have an increased reservoir of magic. (+10% MP)
You shall have no god before yourself.


Message History

The quokka closely misses you.
You hit the quokka.
You kill the quokka!
No target in view!
No target in view!
A goblin comes into view. It is wielding a +1 dagger of venom.
The goblin shouts!
The goblin hits you with a +1 dagger of venom.
You are poisoned.
You hit the goblin.
The goblin is heavily wounded.
You feel very sick. The goblin hits you but does no damage.
You are lethally poisoned!
You hit the goblin.
You kill the goblin!
You feel very sick.
You aren't carrying any potions.
Okay, then.
Press: ? - help, v - describe, . - travel, g - get item
Items here: a +1 dagger of venom; a goblin corpse.
The floor.
As you read the scroll labelled MOCVOA TIDAHU, it crumbles to dust.
It is a scroll of identify.
h - a scroll of fog You feel very sick.
As you read the scroll labelled ZEYSMOSOIK, it crumbles to dust.
It is a scroll of enchant weapon.
Your +0 mace glows red for a moment.
You feel sick.
* * * LOW HITPOINT WARNING * * *
You feel sick.
* * * LOW HITPOINT WARNING * * *
You feel sick.
* * * LOW HITPOINT WARNING * * *
You feel sick.
* * * LOW HITPOINT WARNING * * *
You feel sick.
* * * LOW HITPOINT WARNING * * *
You feel sick.
You die...

###########
#.........#
#.#######@#
#.# #.# #.#
#.# #.# #.#
##
#.#######.#
..
#.#...)...#
..
#.#########
.. #.# ##
#.#


There were no monsters in sight!

Vanquished Creatures
  2 bats (D:1)
  A giant cockroach (D:1)
  A goblin (D:1)
  2 jackals (D:1)
  2 quokkas (D:1)
  3 ball pythons (D:1)
  A frilled lizard (D:1)
  2 rats (D:1)
14 creatures vanquished.

Notes
Turn   | Place    | Note
-------+----------+-------------------------------------------
     0 | D:1      | browni3141 the Demigod Conjurer began the quest for the
                  | Orb.
     0 | D:1      | Reached XP level 1. HP: 14/14 MP: 5/5
   253 | D:1      | Reached skill level 4 in Conjurations
   526 | D:1      | Reached XP level 2. HP: 16/20 MP: 7/7
   529 | D:1      | Learned a level 2 spell: Searing Ray
   742 | D:1      | HP: 1/20 [poisoned by a goblin]
   743 | D:1      | Succumbed to a goblin's poison

Illustrated notes

Levels and vault maps discovered:
D:1:      amcnicky_arrival_choice, layout_basic, ebering_dispersal_statue_hall

Skill      XL: |  1 |
---------------+----+-----
Conjurations   | 4 |  4.1
Fighting       | |  0.2
Dodging        | |  1.7
Stealth        | |  1.7
Spellcasting   | |  1.8

Action                   || total
-------------------------++-------
Melee: Mace              ||    27
 Cast: Magic Dart        ||    13
  Use: Scroll            ||     2
 Stab: Sleeping          ||     1
Armor: Robe              ||    15
Dodge: Dodged            ||    31

Table legend: (Time is in decaauts)
 A = Elapsed time spent in this place.
 B = Non-inter-level travel time spent in this place.
 C = Inter-level travel time spent in this place.
 D = Time resting spent in this place.
 E = Time spent auto-exploring this place.
 F = Levels seen in this place.
 G = Mean time per level.
                   A        B        C        D        E       F      G
               +--------+--------+--------+--------+--------+-----+--------+
         Total |    752 |    752 |      0 |      0 |    567 |   1 |  752.0 |
       Dungeon |    752 |    752 |      0 |      0 |    567 |   1 |  752.0 |
               +--------+--------+--------+--------+--------+-----+--------+

Top non-repeatable levels by time:
     D:1: 752 daAuts
